 Dungeon Crawl Stone Soup version 0.25-a0-927-g39f137c8b7 (webtiles) character file.

Game seed: 1301870254979513412, levelgen mode: deterministic

95 Maedhros the Sneak (level 4, 0/28 HPs)
             Began as an Octopode Artificer on May 3, 2020.
             Slain by a worker ant (2 damage)
             ... on level 4 of the Dungeon.
             The game lasted 00:01:15 (624 turns).

Maedhros the Sneak (Octopode Artificer)              Turns: 624, Time: 00:01:15

Health: 0/28       AC:  1    Str: 11    XL:     4   Next: 66%
Magic:  6/6        EV: 13    Int: 13    God:
Gold:   28         SH:  0    Dex: 13    Spells: 3/3 levels left

rFire    . . .     SeeInvis .   a - +0 short sword
rCold    . . .     Gourm    .   (no shield)
rNeg     . . .     Faith    .   (helmet restricted)
rPois    .         Spirit   .   (no amulet)
rElec    .         Reflect  .   (no ring)
rCorr    .         Harm     .   (no ring)
MR       .....                  (no ring)
Stlth    +++.......             (no ring)
HPRegen  0.09/turn              (no ring)
MPRegen  0.10/turn              (no ring)
                                (no ring)
                                (no ring)

@: mighty, lethally poisoned (0 -> -5)
A: almost no armour, stealthy swim, amphibious, 8 rings, constrict 8, camouflage
1, gelatinous body 1
a: no special abilities


You were on level 4 of the Dungeon.
You were not hungry.

You visited 1 branch of the dungeon, and saw 4 of its levels.

You collected 28 gold pieces.

Inventory:

Hand Weapons
 a - a +0 short sword (weapon)
Missiles
 j - 15 poisoned darts (quivered)
Wands
 b - a wand of flame (15)
 c - a wand of enslavement (11)
 d - a wand of random effects (8)
Scrolls
 e - 7 scrolls of identify {unknown}
 g - a scroll of blinking {unknown}
 h - a scroll of noise {unknown}
 i - a scroll of immolation {unknown}
Comestibles
 f - 2 rations


   Skills:
 - Level 1.0 Fighting
 - Level 1.0 Short Blades
 - Level 2.0 Dodging
 - Level 4.0 Stealth
 + Level 3.1 Unarmed Combat
 - Level 3.2 Evocations


You had 3 spell levels left.
You didn't know any spells.
Your spell library was empty.

Dungeon Overview and Level Annotations

Branches:
Dungeon (4/15)
 Temple: D:4-7

Altars:
Makhleb


Innate Abilities, Weirdness & Mutations

You cannot wear most types of armour.
You are very stealthy in the water. (Stealth+)
You are amphibious.
You can wear up to eight rings at the same time.
You can use your tentacles to constrict eight enemies at once.
Your skin changes colour to match your surroundings (Stealth+).
Your rubbery body absorbs attacks. (AC +1, EV +1)


Message History

Nothing appears to happen.
Evoke which item? (* to show all) (? for menu, Esc to quit)
Aiming: Enslavement
Press: ? - help, Shift-Dir - straight line, f - you Nothing appears to happen.
Something bites you.
You are poisoned.
Something poisons you!
Evoke which item? (* to show all) (? for menu, Esc to quit)
Aiming: Enslavement
Press: ? - help, Shift-Dir - straight line, f - you Nothing appears to happen.
You feel sick. Something barely misses you. Something bites you.
* * * LOW HITPOINT WARNING * * *
Evoke which item? (* to show all) (? for menu, Esc to quit)
Okay, then.
It was a potion of might.
You feel very mighty all of a sudden.
* * * LOW HITPOINT WARNING * * *
You feel sick. Something bites you.
You die...

...............
...............
#...........#
#...........#
#...........# .#
#...........#..#
#...........#...
##.....@{......#
.......?.......#
.#.............#
#.............#
#.............#
................#
.........#+#....#
...##....+_'....#
..........###+#.)..#


There were no monsters in sight!

Vanquished Creatures
  An orc warrior (D:4)
  An adder (D:3)
  An ooze (D:4)
  2 leopard geckos
  4 orcs
  2 bats
  A giant cockroach (D:3)
  A goblin (D:1)
  A hobgoblin (D:3)
  A quokka (D:4)
  A ball python (D:3)
  2 frilled lizards
  A rat (D:1)
19 creatures vanquished.

Vanquished Creatures (collateral kills)
  A giant cockroach (D:4)
  A frilled lizard (D:4)
2 creatures vanquished.

Grand Total: 21 creatures vanquished

Notes
Turn   | Place    | Note
-------+----------+-------------------------------------------
     0 | D:1      | Maedhros the Octopode Artificer began the quest for the
                  | Orb.
     0 | D:1      | Reached XP level 1. HP: 13/13 MP: 3/3
   153 | D:1      | Reached skill level 2 in Stealth
   347 | D:3      | Reached skill level 3 in Stealth
   347 | D:3      | Reached XP level 2. HP: 18/18 MP: 4/4
   515 | D:3      | Reached skill level 4 in Stealth
   536 | D:4      | Reached XP level 3. HP: 23/23 MP: 5/5
   565 | D:4      | Noticed an orc warrior
   567 | D:4      | Reached skill level 1 in Unarmed Combat
   580 | D:4      | Killed an orc warrior
   580 | D:4      | Reached XP level 4. HP: 24/28 MP: 6/6
   609 | D:4      | Found a burning altar of Makhleb.
   624 | D:4      | Slain by a worker ant

Levels and vault maps discovered:
D:1:      nicolae_arrival_washed_ashore, layout_basic
D:2:      layout_loops_ring, led_sif_pool, nicolae_overflow_crystal_walls,
          old_standard_altar, uniq_natasha
D:3:      layout_basic
D:4:      layout_basic, kennysheep_mini

Skill      XL: |  1  2  3 |
---------------+----------+-----
Stealth        | 3 4 |  4.0
Unarmed Combat | 3 |  3.1
Fighting       | |  1.0
Short Blades   | |  1.0
Dodging        | |  2.0
Evocations     | |  3.2

Action                   |  1- 3 |  4- 6 || total
-------------------------+-------+-------++-------
Melee: Short sword       |    26 |     3 ||    29
       Tentacles         |     7 |     2 ||     9
       Constrict         |     9 |     1 ||    10
Evoke: Wand              |     4 |     7 ||    11
  Use: Potion            |       |     1 ||     1
 Stab: Sleeping          |     4 |       ||     4
Armor: Skin              |     1 |       ||     1
Dodge: Dodged            |    11 |     1 ||    12

Table legend:
 A = Non-vault XP
 B = Vault XP
 C = Vault XP percentage of total XP
 D = Non-vault monster count
 E = Vault monster count
 F = Vault count percentage of total count
                 A         B        C        D         E       F
            +---------+---------+-------+---------+---------+-------
      Total |     137 |       0 |   0.0 |      21 |       0 |   0.0
            +---------+---------+-------+---------+---------+-------
        D:1 |       4 |       0 |   0.0 |       3 |       0 |   0.0
        D:2 |       2 |       0 |   0.0 |       1 |       0 |   0.0
        D:3 |      26 |       0 |   0.0 |       8 |       0 |   0.0
        D:4 |     105 |       0 |   0.0 |       9 |       0 |   0.0
            +---------+---------+-------+---------+---------+-------
